Connexion

Comets vs Admirals

Created - 2 janvier 2024 at 04:06

Goals
1 2 3 T
Comets 1 1 1 3
Admirals 0 1 1 2
Shots
1 2 3 T
Comets 16 8 7 31
Admirals 7 13 12 32

GoalsPenalties
1st period
1. Comets , Derek Ryan 26 (Brandon Davidson 23, Chris Terry 28) at 0:30
Mike Reilly (MIL) for Roughing (Minor) at 17:51
2nd period
2. Admirals , Joseph Cramarossa 21 (Paul Thompson 32, Garrett Pilon 19) at 2:16
3. Comets , Frederik Gauthier 5 (Kevin Czucman 21, Michael Raffl 11) at 5:03
Nick Ebert (MIL) for Roughing (Minor) at 5:49
Kevin Czucman (UTI) for Slashing (Minor) at 15:07
3rd period
4. Admirals , Paul Thompson 13 (Garrett Pilon 20, Nick Ebert 22) at 2:41
5. Comets , Chase De Leo 22 (Josh Archibald 28, Kevin Czucman 22) at 15:02
Garrett Wilson (MIL) for Tripping (Minor) at 0:04
David Rittich (UTI) for Slashing (Minor) at 4:14 - Chase De Leo served the penalty.
David Kampf (MIL) for Hooking (Minor) at 9:38
Brendan Smith (UTI) for Delaying the game (Minor) at 11:39
Mike Reilly (MIL) for High sticking (Minor) at 16:22
Goalie Stats
David Rittich (UTI), 30 saves from 32 shots - (0,938), W, 26-7-2, 60:00 minutes
Michael McNiven (MIL), 28 saves from 31 shots - (0,903), L, 9-4-1, 59:19 minutes
3 StarsOfficial
1 - Joseph Cramarossa (MIL)
2 - Paul Thompson (MIL)
3 - Kevin Czucman (UTI)
Referees : Chris Rooney and Eric Furlatt
Linesman : Ryan Galloway and Brian Murphy
Game Note
No Game Note
Finance
Level 1 -- Attendance: 2000 (100,00%) -- Ticket Income $70,000
Level 2 -- Attendance: 1000 (100,00%) -- Ticket Income $15,000
Total Attendance: 3000 (100,00%)
Total Ticket Income: $85,000
Other Income: $17,000
Total Income: $102,000



Team Name Goals Shots Shots Attemp Shots Blocked PIM HIT PP PK FO%
Comets 3315866250 / 5 (0%)057%
Admirals 23257910280 / 3 (0%)043%

Comets
Player Name POS G A P +/- PIM HIT SHT SB MP PP MP PP SHT PK MP PK SHT FO% FOT
Brandon DavidsonD0111031124:425:3912:3000% 0
Brendan SmithD000-2230114:460:0000:1200% 0
Chase De LeoC/LW1011002017:144:1601:0500% 0
Chris TerryLW/RW0111024022:165:3911:2600% 3
Cliff PuRW000002006:080:0000:0000% 0
Dennis YanLW000000018:010:0001:5300% 1
Derek RyanC1011018023:425:3902:52059% 37
Frederik GauthierC101-1012011:220:0000:26050% 12
Jordan SchmaltzD000-2011115:020:0001:1900% 0
Josh ArchibaldRW0111041016:094:1600:0000% 0
Kevin CzucmanD0222232219:544:1621:5600% 0
Logan NelsonC000000206:080:0000:00078% 9
Markus NiemelainenD0001011025:125:3912:5100% 0
Matt BartkowskiD0002000020:024:1602:4600% 0
Michael JolyRW000-1012010:560:0000:0000% 0
Michael RafflLW/RW011-1011011:220:0000:2600% 0
Trevor LewisC/RW0001024022:165:3911:26050% 4
Tyler AngleC0001000018:494:1602:40060% 20
Admirals
Player Name POS G A P +/- PIM HIT SHT SB MP PP MP PP SHT PK MP PK SHT FO% FOT
Cam DineenD000-2000025:102:2405:0100% 0
CJ SuessLW000-1001017:553:3201:2300% 2
David KampfC/RW000-1201016:313:3210:00033% 3
Dominic TurgeonC000000000:340:3400:000100% 1
Garrett PilonC0222004016:050:0001:24042% 19
Garrett WilsonLW000-2261023:242:2504:33050% 2
Guillaume BriseboisD000-1012420:322:4015:1200% 0
Jeremy RoyD0002001315:580:2701:4800% 0
John QuennevilleC000000000:000:0000:0000% 0
Joseph CramarossaC/LW1012056114:410:0000:00050% 2
Kevin StenlundC000-1054019:042:5803:06039% 18
Kristians RubinsD000-1061120:223:0614:3600% 0
Mike ReillyD000-2420023:022:2402:5500% 0
Nick CousinsC/LW/RW000000001:560:0000:0000% 1
Nick EbertD0112231014:530:5300:1800% 0
Oskar SteenC000-2001025:102:2516:18047% 36
Paul ThompsonRW1122005014:410:0000:0000% 1
William BittenRW000-2004020:022:2503:060100% 1



Play-by-Play

1st period


0:01 of 1st period - Oskar Steen wins face-off versus Derek Ryan in neutral zone.
0:30 of 1st period - Shot by Derek Ryan.
0:30 of 1st period - Goal by Derek Ryan - Comets : 1 - Admirals : 0.
0:31 of 1st period - Tyler Angle wins face-off versus Kevin Stenlund in neutral zone.
0:41 of 1st period - Chase De Leo is hit by Kevin Stenlund and loses puck.
1:17 of 1st period - Guillaume Brisebois is hit by Josh Archibald and loses puck.
1:33 of 1st period - Shot by Joseph Cramarossa.
1:33 of 1st period - Shot Blocked by Kevin Czucman.
1:52 of 1st period - Icing by Jeremy Roy.
1:53 of 1st period - Garrett Pilon wins face-off versus Frederik Gauthier in Admirals zone.
1:53 of 1st period - Garrett Pilon is hit by Michael Raffl.
2:13 of 1st period - Brendan Smith is hit by Nick Ebert and loses puck.
2:52 of 1st period - Shot by William Bitten.
2:52 of 1st period - Stopped by David Rittich without a rebound.
2:53 of 1st period - Logan Nelson wins face-off versus Kevin Stenlund in Comets zone.
3:44 of 1st period - Shot by Derek Ryan.
3:44 of 1st period - Stopped by Michael McNiven with a rebound.
3:46 of 1st period - Shot by Trevor Lewis.
3:46 of 1st period - Shot Blocked by Guillaume Brisebois.
3:56 of 1st period - Shot by Derek Ryan.
3:56 of 1st period - Stopped by Michael McNiven with a rebound.
3:58 of 1st period - Shot by Trevor Lewis.
3:58 of 1st period - Shot Misses the Net.
4:00 of 1st period - Shot by Chris Terry.
4:00 of 1st period - Shot Misses the Net.
4:02 of 1st period - Shot by Derek Ryan.
4:02 of 1st period - Stopped by Michael McNiven with a rebound.
4:08 of 1st period - Shot by Derek Ryan.
4:08 of 1st period - Stopped by Michael McNiven with a rebound.
4:10 of 1st period - Shot by Derek Ryan.
4:10 of 1st period - Stopped by Michael McNiven without a rebound.
4:11 of 1st period - Oskar Steen wins face-off versus Frederik Gauthier in Admirals zone.
4:40 of 1st period - Shot by Oskar Steen.
4:40 of 1st period - Shot Blocked by Kevin Czucman.
4:42 of 1st period - Shot by William Bitten.
4:42 of 1st period - Stopped by David Rittich without a rebound.
4:43 of 1st period - Tyler Angle wins face-off versus Garrett Pilon in Comets zone.
5:06 of 1st period - Shot by Markus Niemelainen.
5:06 of 1st period - Shot Misses the Net.
5:08 of 1st period - Shot by Chase De Leo.
5:08 of 1st period - Stopped by Michael McNiven without a rebound.
5:09 of 1st period - Oskar Steen wins face-off versus Chris Terry in Admirals zone.
5:20 of 1st period - Icing by Cam Dineen.
5:21 of 1st period - Logan Nelson wins face-off versus Oskar Steen in Admirals zone.
5:28 of 1st period - Kevin Czucman is hit by Garrett Wilson and loses puck.
6:05 of 1st period - Kevin Czucman is hit by Garrett Wilson and loses puck.
6:33 of 1st period - Trevor Lewis is hit by Nick Ebert and loses puck.
6:36 of 1st period - Shot by Trevor Lewis.
6:36 of 1st period - Shot Blocked by Jeremy Roy.
6:38 of 1st period - Shot by Trevor Lewis.
6:38 of 1st period - Stopped by Michael McNiven without a rebound.
6:39 of 1st period - Kevin Stenlund wins face-off versus Tyler Angle in Admirals zone.
6:39 of 1st period - Kevin Stenlund is hit by Josh Archibald.
6:52 of 1st period - CJ Suess is hit by Brendan Smith and loses puck.
7:12 of 1st period - Shot by Chase De Leo.
7:12 of 1st period - Shot Blocked by Guillaume Brisebois.
7:14 of 1st period - Shot by Chase De Leo.
7:14 of 1st period - Deflect By Josh Archibald.
7:14 of 1st period - Shot Blocked by Guillaume Brisebois.
7:16 of 1st period - Shot by Jordan Schmaltz.
7:16 of 1st period - Stopped by Michael McNiven without a rebound.
7:17 of 1st period - Garrett Pilon wins face-off versus Derek Ryan in Admirals zone.
7:24 of 1st period - Shot by Paul Thompson.
7:24 of 1st period - Shot Misses the Net.
7:34 of 1st period - Icing by Markus Niemelainen.
7:35 of 1st period - Garrett Wilson wins face-off versus Chris Terry in Comets zone.
7:49 of 1st period - Icing by Derek Ryan.
7:50 of 1st period - Kevin Stenlund wins face-off versus Chris Terry in Comets zone.
8:07 of 1st period - Shot by CJ Suess.
8:07 of 1st period - Stopped by David Rittich without a rebound.
8:08 of 1st period - Frederik Gauthier wins face-off versus Oskar Steen in Comets zone.
8:08 of 1st period - Frederik Gauthier is hit by Garrett Wilson.
8:19 of 1st period - Oskar Steen is hit by Frederik Gauthier and loses puck.
9:00 of 1st period - Off-side.
9:01 of 1st period - Garrett Pilon wins face-off versus Derek Ryan in neutral zone.
9:04 of 1st period - Shot by Paul Thompson.
9:04 of 1st period - Stopped by David Rittich with a rebound.
9:09 of 1st period - Chris Terry is hit by Kristians Rubins.
9:12 of 1st period - Trevor Lewis is hit by Kristians Rubins and loses puck.
9:24 of 1st period - Chris Terry is hit by Kristians Rubins and loses puck.
12:05 of 1st period - Icing by Brandon Davidson.
12:06 of 1st period - Derek Ryan wins face-off versus CJ Suess in Comets zone.
12:43 of 1st period - Icing by Nick Ebert.
12:44 of 1st period - Kevin Stenlund wins face-off versus Logan Nelson in Admirals zone.
12:44 of 1st period - Kevin Stenlund is hit by Cliff Pu.
14:04 of 1st period - Kevin Czucman is hit by Joseph Cramarossa and loses puck.
14:13 of 1st period - Shot by Guillaume Brisebois.
14:13 of 1st period - Shot Misses the Net.
14:29 of 1st period - Shot by Guillaume Brisebois.
14:29 of 1st period - Stopped by David Rittich with a rebound.
14:34 of 1st period - Joseph Cramarossa is hit by Brandon Davidson and loses puck.
14:39 of 1st period - Shot by Paul Thompson.
14:39 of 1st period - Stopped by David Rittich without a rebound.
14:40 of 1st period - Kevin Stenlund wins face-off versus Frederik Gauthier in Comets zone.
14:45 of 1st period - Shot by Kevin Stenlund.
14:45 of 1st period - Shot Misses the Net.
15:14 of 1st period - Michael Raffl is hit by Kevin Stenlund.
15:39 of 1st period - Icing by Brendan Smith.
15:40 of 1st period - Derek Ryan wins face-off versus Oskar Steen in Comets zone.
15:53 of 1st period - Shot by Derek Ryan.
15:53 of 1st period - Stopped by Michael McNiven without a rebound.
15:54 of 1st period - Tyler Angle wins face-off versus Garrett Pilon in Admirals zone.
16:25 of 1st period - Shot by Garrett Pilon.
16:25 of 1st period - Stopped by David Rittich without a rebound.
16:26 of 1st period - Derek Ryan wins face-off versus Oskar Steen in Comets zone.
16:49 of 1st period - Shot by Trevor Lewis.
16:49 of 1st period - Stopped by Michael McNiven with a rebound.
16:51 of 1st period - Shot by Derek Ryan.
16:51 of 1st period - Shot Misses the Net.
16:53 of 1st period - Shot by Chris Terry.
16:53 of 1st period - Stopped by Michael McNiven without a rebound.
16:54 of 1st period - Frederik Gauthier wins face-off versus Kevin Stenlund in Admirals zone.
17:15 of 1st period - Shot by Frederik Gauthier.
17:15 of 1st period - Stopped by Michael McNiven with a rebound.
17:34 of 1st period - Shot by CJ Suess.
17:34 of 1st period - Shot Misses the Net.
17:51 of 1st period - Minor Penalty to Mike Reilly for Roughing.
17:52 of 1st period - Oskar Steen wins face-off versus Trevor Lewis in Admirals zone.
17:52 of 1st period - Oskar Steen is hit by Chris Terry.
18:21 of 1st period - Shot by Markus Niemelainen.
18:21 of 1st period - Shot Blocked by Guillaume Brisebois.
18:23 of 1st period - Shot by Chris Terry.
18:23 of 1st period - Stopped by Michael McNiven without a rebound.
18:24 of 1st period - Tyler Angle wins face-off versus Garrett Wilson in Admirals zone.
18:59 of 1st period - Shot by Kevin Czucman.
18:59 of 1st period - Shot Misses the Net.
19:01 of 1st period - Shot by Kevin Czucman.
19:01 of 1st period - Stopped by Michael McNiven without a rebound.
19:02 of 1st period - William Bitten wins face-off versus Derek Ryan in Admirals zone.
19:31 of 1st period - Shot by Brandon Davidson.
19:31 of 1st period - Stopped by Michael McNiven with a rebound.
19:33 of 1st period - Shot by Trevor Lewis.
19:33 of 1st period - Shot Misses the Net.
19:57 of 1st period - Paul Thompson is hit by Cliff Pu and loses puck.
Goals for this period are 1 for Comets vs 0 for Admirals.
Shots for this period are 16 for Comets vs 7 for Admirals.

2nd period


0:01 of 2nd period - Derek Ryan wins face-off versus Oskar Steen in neutral zone.
0:55 of 2nd period - CJ Suess is hit by Trevor Lewis and loses puck.
1:12 of 2nd period - Shot by Guillaume Brisebois.
1:12 of 2nd period - Shot Misses the Net.
1:18 of 2nd period - Tyler Angle is hit by Kevin Stenlund and loses puck.
1:38 of 2nd period - Off-side.
1:39 of 2nd period - Frederik Gauthier wins face-off versus Garrett Pilon in neutral zone.
1:39 of 2nd period - Brendan Smith is hit by Joseph Cramarossa and loses puck.
2:03 of 2nd period - Paul Thompson is hit by Jordan Schmaltz and loses puck.
2:12 of 2nd period - Shot by Garrett Pilon.
2:12 of 2nd period - Shot Blocked by Jordan Schmaltz.
2:14 of 2nd period - Shot by Joseph Cramarossa.
2:14 of 2nd period - Stopped by David Rittich with a rebound.
2:16 of 2nd period - Shot by Paul Thompson.
2:16 of 2nd period - Deflect By Joseph Cramarossa.
2:16 of 2nd period - Goal by Joseph Cramarossa - Comets : 1 - Admirals : 1.
2:17 of 2nd period - Logan Nelson wins face-off versus Oskar Steen in neutral zone.
2:27 of 2nd period - Shot by Garrett Wilson.
2:27 of 2nd period - Stopped by David Rittich with a rebound.
3:12 of 2nd period - Icing by Cam Dineen.
3:13 of 2nd period - Oskar Steen wins face-off versus Derek Ryan in Admirals zone.
3:33 of 2nd period - Icing by CJ Suess.
3:34 of 2nd period - Tyler Angle wins face-off versus Kevin Stenlund in Admirals zone.
3:59 of 2nd period - Shot by Kevin Stenlund.
3:59 of 2nd period - Stopped by David Rittich with a rebound.
4:01 of 2nd period - Shot by David Kampf.
4:01 of 2nd period - Shot Blocked by Brendan Smith.
4:03 of 2nd period - Shot by Kevin Stenlund.
4:03 of 2nd period - Stopped by David Rittich with a rebound.
4:05 of 2nd period - Shot by Kevin Stenlund.
4:05 of 2nd period - Stopped by David Rittich without a rebound.
4:06 of 2nd period - Trevor Lewis wins face-off versus Joseph Cramarossa in Comets zone.
4:11 of 2nd period - Shot by Derek Ryan.
4:11 of 2nd period - Shot Misses the Net.
4:29 of 2nd period - Shot by Paul Thompson.
4:29 of 2nd period - Shot Misses the Net.
4:33 of 2nd period - Shot by Paul Thompson.
4:33 of 2nd period - Stopped by David Rittich without a rebound.
4:34 of 2nd period - Frederik Gauthier wins face-off versus Oskar Steen in Comets zone.
4:34 of 2nd period - Frederik Gauthier is hit by Garrett Wilson.
5:03 of 2nd period - Shot by Frederik Gauthier.
5:03 of 2nd period - Goal by Frederik Gauthier - Comets : 2 - Admirals : 1.
5:04 of 2nd period - Kevin Stenlund wins face-off versus Derek Ryan in neutral zone.
5:16 of 2nd period - Icing by Derek Ryan.
5:17 of 2nd period - Derek Ryan wins face-off versus Garrett Pilon in Comets zone.
5:17 of 2nd period - Derek Ryan is hit by Joseph Cramarossa.
5:32 of 2nd period - Shot by Derek Ryan.
5:32 of 2nd period - Shot Blocked by Jeremy Roy.
5:36 of 2nd period - Shot by Trevor Lewis.
5:36 of 2nd period - Shot Blocked by Jeremy Roy.
5:49 of 2nd period - Minor Penalty to Nick Ebert for Roughing.
5:50 of 2nd period - Tyler Angle wins face-off versus Oskar Steen in Admirals zone.
5:55 of 2nd period - Shot by Chase De Leo.
5:55 of 2nd period - Shot Misses the Net.
6:23 of 2nd period - Icing by Josh Archibald.
6:24 of 2nd period - Tyler Angle wins face-off versus Oskar Steen in Comets zone.
6:29 of 2nd period - Off-side.
6:30 of 2nd period - Derek Ryan wins face-off versus Oskar Steen in neutral zone.
7:53 of 2nd period - Shot by Frederik Gauthier.
7:53 of 2nd period - Deflect By Michael Raffl.
7:53 of 2nd period - Shot Misses the Net.
8:29 of 2nd period - Shot by Michael Joly.
8:29 of 2nd period - Stopped by Michael McNiven without a rebound.
8:30 of 2nd period - Kevin Stenlund wins face-off versus Tyler Angle in Admirals zone.
8:30 of 2nd period - CJ Suess is hit by Josh Archibald and loses puck.
8:44 of 2nd period - CJ Suess is hit by Kevin Czucman and loses puck.
9:06 of 2nd period - Kevin Stenlund is hit by Kevin Czucman and loses puck.
9:39 of 2nd period - Shot by Garrett Wilson.
9:39 of 2nd period - Shot Misses the Net.
9:45 of 2nd period - Shot by Dennis Yan.
9:45 of 2nd period - Shot Misses the Net.
9:47 of 2nd period - Shot by Logan Nelson.
9:47 of 2nd period - Stopped by Michael McNiven without a rebound.
9:48 of 2nd period - Derek Ryan wins face-off versus Garrett Pilon in Admirals zone.
9:51 of 2nd period - Shot by Trevor Lewis.
9:51 of 2nd period - Stopped by Michael McNiven without a rebound.
9:52 of 2nd period - Derek Ryan wins face-off versus Paul Thompson in Admirals zone.
9:52 of 2nd period - Brandon Davidson is hit by Nick Ebert and loses puck.
10:07 of 2nd period - Shot by Joseph Cramarossa.
10:07 of 2nd period - Shot Blocked by Brandon Davidson.
10:09 of 2nd period - Shot by Jeremy Roy.
10:09 of 2nd period - Stopped by David Rittich with a rebound.
10:25 of 2nd period - Shot by Garrett Pilon.
10:25 of 2nd period - Stopped by David Rittich with a rebound.
10:27 of 2nd period - Shot by Garrett Pilon.
10:27 of 2nd period - Shot Misses the Net.
10:29 of 2nd period - Shot by Joseph Cramarossa.
10:29 of 2nd period - Shot Misses the Net.
10:31 of 2nd period - Shot by Joseph Cramarossa.
10:31 of 2nd period - Stopped by David Rittich without a rebound.
10:32 of 2nd period - Tyler Angle wins face-off versus David Kampf in Comets zone.
10:34 of 2nd period - Icing by Brendan Smith.
10:35 of 2nd period - Tyler Angle wins face-off versus Oskar Steen in Comets zone.
10:35 of 2nd period - Tyler Angle is hit by Garrett Wilson.
10:52 of 2nd period - Tyler Angle is hit by Garrett Wilson and loses puck.
11:30 of 2nd period - William Bitten is hit by Derek Ryan and loses puck.
11:40 of 2nd period - Shot by Derek Ryan.
11:40 of 2nd period - Deflect By Chris Terry.
11:40 of 2nd period - Stopped by Michael McNiven with a rebound.
12:01 of 2nd period - CJ Suess is hit by Brandon Davidson and loses puck.
12:55 of 2nd period - Shot by Garrett Pilon.
12:55 of 2nd period - Stopped by David Rittich without a rebound.
12:56 of 2nd period - Logan Nelson wins face-off versus Garrett Pilon in Comets zone.
12:56 of 2nd period - Logan Nelson is hit by Joseph Cramarossa.
13:20 of 2nd period - Shot by Garrett Pilon.
13:20 of 2nd period - Shot Misses the Net.
14:06 of 2nd period - Icing by Nick Ebert.
14:07 of 2nd period - Derek Ryan wins face-off versus Garrett Pilon in Admirals zone.
14:08 of 2nd period - Shot by Trevor Lewis.
14:08 of 2nd period - Shot Blocked by Joseph Cramarossa.
14:20 of 2nd period - Shot by Derek Ryan.
14:20 of 2nd period - Stopped by Michael McNiven without a rebound.
14:21 of 2nd period - Oskar Steen wins face-off versus Tyler Angle in Admirals zone.
15:07 of 2nd period - Minor Penalty to Kevin Czucman for Slashing.
15:08 of 2nd period - Derek Ryan wins face-off versus Kevin Stenlund in Comets zone.
15:08 of 2nd period - Brandon Davidson is hit by Kevin Stenlund and loses puck.
15:17 of 2nd period - Shot by Kevin Stenlund.
15:17 of 2nd period - Shot Misses the Net.
15:19 of 2nd period - Shot by Kristians Rubins.
15:19 of 2nd period - Shot Misses the Net.
15:48 of 2nd period - Derek Ryan is hit by Kristians Rubins and loses puck.
16:48 of 2nd period - Shot by Kristians Rubins.
16:48 of 2nd period - Stopped by David Rittich with a rebound.
17:40 of 2nd period - Michael Joly is hit by Joseph Cramarossa and loses puck.
18:06 of 2nd period - Shot by Logan Nelson.
18:06 of 2nd period - Stopped by Michael McNiven without a rebound.
18:07 of 2nd period - Oskar Steen wins face-off versus Tyler Angle in Admirals zone.
18:38 of 2nd period - Shot by Garrett Wilson.
18:38 of 2nd period - Shot Misses the Net.
18:40 of 2nd period - Shot by William Bitten.
18:40 of 2nd period - Stopped by David Rittich without a rebound.
18:41 of 2nd period - Derek Ryan wins face-off versus Kevin Stenlund in Comets zone.
19:00 of 2nd period - Shot by Chris Terry.
19:00 of 2nd period - Stopped by Michael McNiven without a rebound.
19:01 of 2nd period - Frederik Gauthier wins face-off versus Nick Cousins in Admirals zone.
19:57 of 2nd period - Icing by Guillaume Brisebois.
19:58 of 2nd period - Derek Ryan wins face-off versus CJ Suess in Admirals zone.
19:58 of 2nd period - Derek Ryan is hit by Kristians Rubins.
Goals for this period are 1 for Comets vs 1 for Admirals.
Shots for this period are 8 for Comets vs 13 for Admirals.

3rd period


0:01 of 3rd period - Derek Ryan wins face-off versus Oskar Steen in neutral zone.
0:03 of 3rd period - Off-side.
0:04 of 3rd period - Derek Ryan wins face-off versus Oskar Steen in neutral zone.
0:04 of 3rd period - Minor Penalty to Garrett Wilson for Tripping.
0:05 of 3rd period - Oskar Steen wins face-off versus Derek Ryan in Admirals zone.
0:11 of 3rd period - Icing by Derek Ryan.
0:12 of 3rd period - Oskar Steen wins face-off versus Derek Ryan in Comets zone.
0:12 of 3rd period - Cam Dineen is hit by Brandon Davidson and loses puck.
0:45 of 3rd period - Shot by Markus Niemelainen.
0:45 of 3rd period - Stopped by Michael McNiven without a rebound.
0:46 of 3rd period - Oskar Steen wins face-off versus Tyler Angle in Admirals zone.
0:55 of 3rd period - Shot by Chase De Leo.
0:55 of 3rd period - Shot Misses the Net.
0:57 of 3rd period - Shot by Kevin Czucman.
0:57 of 3rd period - Stopped by Michael McNiven without a rebound.
0:58 of 3rd period - Tyler Angle wins face-off versus Oskar Steen in Admirals zone.
1:21 of 3rd period - Shot by Tyler Angle.
1:21 of 3rd period - Deflect By Josh Archibald.
1:21 of 3rd period - Shot Misses the Net.
1:55 of 3rd period - William Bitten is hit by Trevor Lewis and loses puck.
2:22 of 3rd period - Paul Thompson is hit by Brendan Smith and loses puck.
2:31 of 3rd period - Shot by Garrett Pilon.
2:31 of 3rd period - Stopped by David Rittich with a rebound.
2:36 of 3rd period - Garrett Pilon is hit by Brendan Smith and loses puck.
2:41 of 3rd period - Shot by Garrett Pilon.
2:41 of 3rd period - Deflect By Paul Thompson.
2:41 of 3rd period - Goal by Paul Thompson - Comets : 2 - Admirals : 2.
2:42 of 3rd period - David Kampf wins face-off versus Derek Ryan in neutral zone.
3:02 of 3rd period - Icing by Brandon Davidson.
3:03 of 3rd period - Trevor Lewis wins face-off versus Oskar Steen in Comets zone.
4:14 of 3rd period - Shot by Joseph Cramarossa.
4:14 of 3rd period - Stopped by David Rittich without a rebound.
4:14 of 3rd period - Minor Penalty to David Rittich for Slashing.
4:15 of 3rd period - Derek Ryan wins face-off versus Kevin Stenlund in Comets zone.
4:41 of 3rd period - Icing by Kevin Stenlund.
4:42 of 3rd period - Derek Ryan wins face-off versus David Kampf in Admirals zone.
5:29 of 3rd period - Shot by Guillaume Brisebois.
5:29 of 3rd period - Stopped by David Rittich without a rebound.
5:30 of 3rd period - Oskar Steen wins face-off versus Derek Ryan in Comets zone.
5:33 of 3rd period - Shot by Oskar Steen.
5:33 of 3rd period - Stopped by David Rittich without a rebound.
5:34 of 3rd period - Derek Ryan wins face-off versus Oskar Steen in Comets zone.
6:23 of 3rd period - Kevin Stenlund is hit by Michael Joly and loses puck.
6:37 of 3rd period - Shot by Michael Raffl.
6:37 of 3rd period - Stopped by Michael McNiven without a rebound.
6:38 of 3rd period - Garrett Pilon wins face-off versus Logan Nelson in Admirals zone.
6:40 of 3rd period - Icing by Paul Thompson.
6:41 of 3rd period - Logan Nelson wins face-off versus Garrett Pilon in Admirals zone.
7:16 of 3rd period - Icing by Logan Nelson.
7:17 of 3rd period - Logan Nelson wins face-off versus Kevin Stenlund in Comets zone.
7:27 of 3rd period - Off-side.
7:28 of 3rd period - Oskar Steen wins face-off versus Derek Ryan in neutral zone.
7:55 of 3rd period - Shot by Garrett Wilson.
7:55 of 3rd period - Shot Misses the Net.
8:27 of 3rd period - Icing by Mike Reilly.
8:28 of 3rd period - Kevin Stenlund wins face-off versus Tyler Angle in Admirals zone.
8:33 of 3rd period - Shot by CJ Suess.
8:33 of 3rd period - Shot Misses the Net.
8:40 of 3rd period - Off-side.
8:41 of 3rd period - Garrett Pilon wins face-off versus Frederik Gauthier in neutral zone.
8:50 of 3rd period - Shot by Paul Thompson.
8:50 of 3rd period - Stopped by David Rittich with a rebound.
8:52 of 3rd period - Shot by Garrett Pilon.
8:52 of 3rd period - Deflect By Joseph Cramarossa.
8:52 of 3rd period - Stopped by David Rittich without a rebound.
8:53 of 3rd period - Tyler Angle wins face-off versus Kevin Stenlund in Comets zone.
9:19 of 3rd period - Tyler Angle is hit by Mike Reilly and loses puck.
9:26 of 3rd period - Shot by Kevin Stenlund.
9:26 of 3rd period - Stopped by David Rittich with a rebound.
9:38 of 3rd period - Minor Penalty to David Kampf for Hooking.
9:39 of 3rd period - Oskar Steen wins face-off versus Derek Ryan in Admirals zone.
10:13 of 3rd period - Derek Ryan is hit by Kristians Rubins and loses puck.
10:36 of 3rd period - Chase De Leo is hit by Kevin Stenlund and loses puck.
11:14 of 3rd period - William Bitten is hit by Chris Terry.
11:39 of 3rd period - Minor Penalty to Brendan Smith for Delaying the game.
11:40 of 3rd period - Dominic Turgeon wins face-off versus Dennis Yan in Comets zone.
11:51 of 3rd period - Shot by Cam Dineen.
11:51 of 3rd period - Shot Blocked by Dennis Yan.
11:53 of 3rd period - Shot by Dominic Turgeon.
11:53 of 3rd period - Shot Misses the Net.
11:58 of 3rd period - CJ Suess is hit by Kevin Czucman and loses puck.
12:05 of 3rd period - Shot by Dominic Turgeon.
12:05 of 3rd period - Shot Misses the Net.
12:07 of 3rd period - Shot by CJ Suess.
12:07 of 3rd period - Shot Hit the Post.
13:24 of 3rd period - Shot by David Kampf.
13:24 of 3rd period - Stopped by David Rittich without a rebound.
13:25 of 3rd period - Derek Ryan wins face-off versus Kevin Stenlund in Comets zone.
13:42 of 3rd period - Shot by Paul Thompson.
13:42 of 3rd period - Shot Misses the Net.
13:44 of 3rd period - Shot by Nick Ebert.
13:44 of 3rd period - Stopped by David Rittich without a rebound.
13:45 of 3rd period - Frederik Gauthier wins face-off versus Garrett Pilon in Comets zone.
13:49 of 3rd period - Off-side.
13:50 of 3rd period - Garrett Pilon wins face-off versus Frederik Gauthier in neutral zone.
14:02 of 3rd period - Shot by Paul Thompson.
14:02 of 3rd period - Deflect By Joseph Cramarossa.
14:02 of 3rd period - Stopped by David Rittich without a rebound.
14:03 of 3rd period - Oskar Steen wins face-off versus Derek Ryan in Comets zone.
14:36 of 3rd period - Off-side.
14:37 of 3rd period - Tyler Angle wins face-off versus Kevin Stenlund in neutral zone.
14:44 of 3rd period - Shot by Chase De Leo.
14:44 of 3rd period - Shot Misses the Net.
15:00 of 3rd period - Shot by Josh Archibald.
15:00 of 3rd period - Stopped by Michael McNiven with a rebound.
15:02 of 3rd period - Shot by Chase De Leo.
15:02 of 3rd period - Goal by Chase De Leo - Comets : 3 - Admirals : 2.
15:03 of 3rd period - Joseph Cramarossa wins face-off versus Frederik Gauthier in neutral zone.
15:12 of 3rd period - Shot by Frederik Gauthier.
15:12 of 3rd period - Shot Misses the Net.
15:14 of 3rd period - Shot by Michael Joly.
15:14 of 3rd period - Stopped by Michael McNiven without a rebound.
15:15 of 3rd period - Derek Ryan wins face-off versus Oskar Steen in Admirals zone.
15:23 of 3rd period - Off-side.
15:24 of 3rd period - Oskar Steen wins face-off versus Derek Ryan in neutral zone.
15:29 of 3rd period - Shot by William Bitten.
15:29 of 3rd period - Stopped by David Rittich without a rebound.
15:30 of 3rd period - Oskar Steen wins face-off versus Derek Ryan in Comets zone.
16:12 of 3rd period - Brandon Davidson is hit by Mike Reilly and loses puck.
16:22 of 3rd period - Minor Penalty to Mike Reilly for High sticking.
16:23 of 3rd period - Garrett Pilon wins face-off versus Tyler Angle in Admirals zone.
16:32 of 3rd period - Shot by Josh Archibald.
16:32 of 3rd period - Deflect By Tyler Angle.
16:32 of 3rd period - Shot Misses the Net.
16:34 of 3rd period - Shot by Kevin Czucman.
16:34 of 3rd period - Shot Misses the Net.
16:40 of 3rd period - Shot by Kevin Czucman.
16:40 of 3rd period - Shot Blocked by Kristians Rubins.
17:47 of 3rd period - Off-side.
17:48 of 3rd period - Derek Ryan wins face-off versus Oskar Steen in neutral zone.
17:51 of 3rd period - Shot by Brandon Davidson.
17:51 of 3rd period - Shot Misses the Net.
17:53 of 3rd period - Shot by Brandon Davidson.
17:53 of 3rd period - Deflect By Trevor Lewis.
17:53 of 3rd period - Stopped by Michael McNiven without a rebound.
17:54 of 3rd period - Oskar Steen wins face-off versus Trevor Lewis in Admirals zone.
18:52 of 3rd period - Icing by Paul Thompson.
18:53 of 3rd period - Logan Nelson wins face-off versus Garrett Pilon in Admirals zone.
18:53 of 3rd period - Brandon Davidson is hit by Guillaume Brisebois.
18:58 of 3rd period - Icing by Kristians Rubins.
18:59 of 3rd period - Garrett Pilon wins face-off versus Tyler Angle in Admirals zone.
18:59 of 3rd period - Garrett Pilon is hit by Josh Archibald.
19:02 of 3rd period - Icing by Joseph Cramarossa.
19:03 of 3rd period - Derek Ryan wins face-off versus Garrett Pilon in Admirals zone.
19:10 of 3rd period - Admirals, Michael McNiven is pulled from the net.
19:17 of 3rd period - Garrett Pilon is hit by Markus Niemelainen and loses puck.
19:47 of 3rd period - Shot by Brandon Davidson.
19:47 of 3rd period - Shot Misses the Net.
19:50 of 3rd period - Icing by Cam Dineen.
19:51 of 3rd period - Michael McNiven from Admirals was sent back in the game.
19:51 of 3rd period - Derek Ryan wins face-off versus Oskar Steen in Admirals zone.
Goals for this period are 1 for Comets vs 1 for Admirals.
Shots for this period are 7 for Comets vs 12 for Admirals.